 Dungeon Crawl Stone Soup version 0.20-a0-555-gf6ae02d (webtiles) character file.

129 Nvm9 the Covered (level 4, -2/35 HPs)
             Began as a Demonspawn Fighter on Feb 7, 2017.
             Killed by nerve-wracking pain
             ... invoked by Grinder
              (12 damage)
             ... on level 3 of the Dungeon.
             The game lasted 00:02:13 (1740 turns).

Nvm9 the Covered (Demonspawn Fighter)               Turns: 1740, Time: 00:02:14

Health: -2/35      AC:  9    Str: 23    XL:     4   Next: 88%
Magic:  4/4        EV: 10    Int:  9    God:
Gold:   87         SH:  9    Dex: 12    Spells: 3/3 levels left

rFire    . . .     SeeInvis .   a - +0 war axe
rCold    . . .     Gourm    .   b - +0 scale mail
rNeg     . . .     Faith    .   c - +0 shield
rPois    .         Spirit   .   q - +0 helmet
rElec    .         Reflect  .   (no cloak)
rCorr    .         Harm     .   i - +0 pair of gloves
MR       .....                  (no boots)
Stlth    +.........             (no amulet)
Regen    0.2/turn               k - +3 ring of evasion
                                g - ring of stealth

@: mighty
A: claws 1, powered by death 1
a: no special abilities


You were on level 3 of the Dungeon.
You were very hungry.

You visited 1 branch of the dungeon, and saw 3 of its levels.

You collected 87 gold pieces.

Inventory:

Hand Weapons
 a - a +0 war axe (weapon)
Armour
 b - a +0 scale mail (worn)
 c - a +0 shield (worn)
 i - a +0 pair of gloves (worn)
 q - a +0 helmet (worn)
Jewellery
 g - a ring of stealth (left hand)
 k - a +3 ring of evasion (right hand)
 v - a +3 ring of strength {unknown}
Scrolls
 e - a scroll of fog {unknown}
 j - 3 scrolls of remove curse {unknown}
 l - a scroll of immolation {unknown}
 m - 3 scrolls of identify {unknown}
 r - a scroll of random uselessness {unknown}
 s - a scroll of recharging {unknown}
 t - a scroll of magic mapping {unknown}
 u - a scroll of teleportation {unknown}
Potions
 h - a potion of cure mutation {unknown}
 n - 2 potions of curing {unknown}
 p - a potion of flight {unknown}
Comestibles
 f - a bread ration
 o - 2 royal jellies


   Skills:
 + Level 3.4 Fighting
 + Level 2.5 Axes
 * Level 3.9 Armour
 + Level 3.3 Shields


You had 3 spell levels left.
You didn't know any spells.

Dungeon Overview and Level Annotations

Branches:
Dungeon (3/15)

Altars:

Annotations:
D:3 Grinder


Innate Abilities, Weirdness & Mutations

You have sharp fingernails.
You regenerate a little health from kills.


Message History

Grinder is almost dead.
Grinder closely misses you.
You barely miss Grinder.
Grinder is almost dead.
Grinder hits you.
* * * LOW HITPOINT WARNING * * *
Grinder blinks!
Grinder says, "Mostly I couldn't keep them alive."
Grinder gestures at you.
You suddenly lose the ability to move!
You can move again.
You barely miss Grinder.
Grinder is almost dead.
Grinder barely misses you.
Your shield prevents you from hitting Grinder.
Grinder is almost dead.
You block Grinder's attack. Grinder gestures at you.
Pain shoots through your body!
You die...

##### ...#### #
.....
#.#.#.#####.#
...##.#.#@5.?...#
.......†..#######
.#####.#.# #<..#
#####


You could see Grinder.

Vanquished Creatures
  Robin (D:2)
  4 adders
  3 worms (D:2)
  A dart slug (D:2)
  2 leopard geckos (D:1)
  12 giant cockroaches (D:2)
  11 goblins
  5 hobgoblins
  9 jackals
  2 kobolds (D:1)
  A quokka (D:2)
  4 bats
  4 frilled lizards
  6 rats
65 creatures vanquished.

Notes
Turn   | Place    | Note
-------+----------+-------------------------------------------
     0 | D:1      | Nvm9 the Demonspawn Fighter began the quest for the Orb.
     0 | D:1      | Reached XP level 1. HP: 18/18 MP: 1/1
   268 | D:1      | Gained mutation: You regenerate a little health from kills. [demonic ancestry]
   268 | D:1      | Reached XP level 2. HP: 16/24 MP: 2/2
   951 | D:2      | Noticed Robin
   953 | D:2      | Gained mutation: You have sharp fingernails. [demonic ancestry]
   953 | D:2      | Reached XP level 3. HP: 29/29 MP: 3/3
   967 | D:2      | Killed Robin
  1133 | D:2      | Reached XP level 4. HP: 35/35 MP: 4/4
  1724 | D:3      | Noticed Grinder
  1736 | D:3      | Paralysed by Grinder for 2 turns
  1740 | D:3      | Killed from afar by Grinder

Vault maps used:
D:1:      lemuel_arrival_cross
D:2:      minmay_roachtagon, uniq_robin
D:3:      first_bread, kennysheep_cluttered_room, uniq_grinder

Skill      XL: |  1  2  3 |
---------------+----------+-----
Axes           | 2 |  2.5
Armour         | 3 |  3.9
Shields        | 3 |  3.3
Fighting       | |  3.4

Action                   |  1- 3 |  4- 6 || total
-------------------------+-------+-------++-------
Melee: War axe           |   127 |    94 ||   221
  Use: Potion            |       |     1 ||     1
  Eat: Chunk             |       |     2 ||     2
Armor: Scale mail        |    62 |    53 ||   115
Dodge: Dodged            |    72 |    57 ||   129
Block: Shield            |    77 |    73 ||   150
